 Dungeon Crawl Stone Soup version 0.17-a0-1435-geafbe2f (webtiles) character file.

42 hexophile the Firebug (level 3, -4/30 HPs)
             Began as a Naga Fire Elementalist on June 26, 2015.
             Slain by a goblin
             ... wielding a +0 club
             ... led by Robin
              (5 damage)
             ... on level 2 of the Dungeon.
             The game lasted 00:04:44 (1104 turns).

hexophile the Firebug (Naga Fire Elementalist)      Turns: 1104, Time: 00:04:44

Health: -4/30      AC:  2    Str: 15    XL:     3   Next: 54%
Magic:  6/7        EV: 10    Int: 16    God:
Gold:   44         SH:  0    Dex: 11    Spells: 2 memorised, 3 levels left

rFire  . . .     SeeInvis +     f - +0 spear
rCold  . . .     Clarity  .     a - +0 robe
rNeg   . . .     SustAt   .     (no shield)
rPois  +         Gourm    .     (no helmet)
rElec  +         Spirit   .     (no cloak)
rCorr  .         Warding  .     (no gloves)
rMut   .         Stasis   .     (no barding)
MR     .....                    (no amulet)
Stlth  ++........               (no ring)
                                (no ring)

@: mighty, very slow, not resistant to hostile enchantments, unstealthy
A: see invisible, deformed body, high mp 1, poison resistance, robust 1,
electricity resistance, slowness 2, slow metabolism 1, spit poison 2, AC +1
a: Spit Poison


You were on level 2 of the Dungeon.
You were hungry.

You visited 1 branch of the dungeon, and saw 2 of its levels.

You collected 44 gold pieces.

Inventory:

Hand weapons
 f - a +0 spear (weapon)
Armour
 a - a +0 robe (worn)
Magical devices
 k - a wand of teleportation (4)
Scrolls
 g - 3 scrolls of enchant armour {unknown}
 h - a scroll of noise {unknown}
Potions
 e - a potion of mutation
 j - a potion of curing {unknown}
 l - a potion of degeneration {unknown}
Books
 b - a book of Flames

   Spells                             Type                      Level
   a - Flame Tongue                   Conjuration/Fire             1
   b - Throw Flame                    Conjuration/Fire             2
   c - Conjure Flame                  Conjuration/Fire             3
   d - Inner Flame                    Hexes/Fire                   3
   e - Sticky Flame                   Conjuration/Fire             4
   f - Fireball                       Conjuration/Fire             5
Comestibles
 c - a bread ration


   Skills:
 - Level 1.5 Dodging
 - Level 3.0 Stealth
 + Level 2.5 Spellcasting
 * Level 1.8 Conjurations
 * Level 3.6 Fire Magic


You had 3 spell levels left.
You knew the following spells:

 Your Spells              Type           Power        Failure   Level  Hunger
a - Flame Tongue          Conj/Fire      ##...        10%         1    #......
b - Conjure Flame         Conj/Fire      ##......     21%         3    ###....


Dungeon Overview and Level Annotations

Branches:
Dungeon (2/15)

Altars:
Sif Muna

Annotations:
D:2 Robin


Innate Abilities, Weirdness & Mutations

You cannot wear boots.
Your serpentine skin is tough (AC +1).
You have supernaturally acute eyesight.
Armour fits poorly on your strangely shaped body.
Your system is resistant to poisons.
You cover ground very slowly.
You have a slow metabolism.
You can spit poison.
You have an increased reservoir of magic (+10% MP).
You are robust (+10% HP).
You are resistant to electric shocks.


Message History

The goblins go into a battle-frenzy!
The goblin barely misses you. The goblin hits you.
The goblin hits you with a club. The goblin closely misses you.
The goblin closely misses you. The goblin barely misses you.
The goblin hits you with a club. The goblin barely misses you.
The goblin hits you with a club.
* * * LOW HITPOINT WARNING * * *
Robin points. "Kill!"
The goblin hits you with a club.
* * * LOW HITPOINT WARNING * * *
It was a potion of mutation.
You feel extremely strange.
You feel more energetic.
You feel robust.
You feel insulated. The goblin hits you with a club.
* * * LOW HITPOINT WARNING * * *
It was a potion of might.
You feel very mighty all of a sudden. Robin throws the goblin at you!
* * * LOW HITPOINT WARNING * * *
The goblin hits you with a club.
You die...

. .## .. ..# . #.# . #.# #.#
##### ########g### #...#
#.....gg@g.#########.#.##
#.....gggg...........#...
.........gg...##############
..............# #...
..............# ########.##
..............# #.....##.#
......######### #.....##.##
...... #.......... ......
#..........


You could see Robin, 2 hobgoblins and 7 goblins.

Vanquished Creatures
  An adder (D:2)
  An ooze (D:1)
  3 giant geckos
  A ball python (D:1)
  A goblin (D:1)
  4 hobgoblins
  2 jackals (D:1)
  3 bats
  A giant cockroach (D:2)
  2 giant newts
  2 kobolds
  8 rats (D:1)
29 creatures vanquished.

Notes
Turn   | Place    | Note
--------------------------------------------------------------
     0 | D:1      | hexophile the Naga Fire Elementalist began the quest for the Orb.
     0 | D:1      | Reached XP level 1. HP: 15/15 MP: 3/3
   137 | D:1      | Reached XP level 2. HP: 5/22 MP: 1/5
   675 | D:1      | Reached XP level 3. HP: 28/28 MP: 4/6
   680 | D:1      | Learned a level 3 spell: Conjure Flame
   953 | D:2      | Found a deep blue altar of Sif Muna.
  1096 | D:2      | Noticed Robin
  1103 | D:2      | Gained mutation: You have an increased reservoir of magic (+10% MP). [potion of mutation]
  1103 | D:2      | Gained mutation: You are robust (+10% HP). [potion of mutation]
  1103 | D:2      | Gained mutation: You are resistant to electric shocks. [potion of mutation]
  1103 | D:2      | HP: 1/30 [goblin/club[Robin] (1)]
  1104 | D:2      | Slain by a goblin

Vault maps used:
D:1:      minmay_arrival_diagonal_passages
D:2:      lemuel_tele_altar, uniq_robin

Action                   || total
-------------------------++-------
Melee: Spear             ||    43
       Unarmed           ||     4
 Cast: Flame Tongue      ||    25
       Conjure Flame     ||     2
 Abil: Spit Poison       ||     4
  Use: Potion            ||     2
